 Dungeon Crawl Stone Soup version 0.30-a0-587-gfd7c166f36 (webtiles) character file.

Game seed: 13105761903437199284

371 Citaku the Covered (level 6, -4/55 HPs)
             Began as a Minotaur Fighter on Jan 3, 2023.
             Killed from afar by an acid dragon (14 damage)
             ... with a splash of acid
             ... on level 4 of the Dungeon.
             The game lasted 00:04:50 (2383 turns).

Citaku the Covered (Minotaur Fighter)               Turns: 2383, Time: 00:04:51

Health: -4/55      AC: 15    Str: 27    XL:     6   Next: 42%
Magic:  5/5        EV:  7    Int:  5    God:
Gold:   129        SH:  5    Dex: 11    Spells: 5/5 levels left

rFire   . . .      SeeInvis .    a - +0 war axe
rCold   . . .      Faith    .    c - +0 buckler
rNeg    . . .      Spirit   .    m - +0 plate armour
rPois   .          Reflect  .    (helmet restricted)
rElec   .          Harm     .    (no cloak)
rCorr   .          Rampage  .    (no gloves)
Will    .....                    j - +2 pair of boots Stlth
                                 (no amulet)
HPRegen 0.29/turn                k - +6 ring of strength
MPRegen 0.09/turn                (no ring)

@: no status effects
A: horns 2, retaliatory headbutt
a: no special abilities


You were on level 4 of the Dungeon.
You visited 1 branch of the dungeon, and saw 4 of its levels.

You collected 129 gold pieces.

Inventory:

Hand Weapons
 a - a +0 war axe (weapon)
Armour
 c - a +0 buckler (worn)
 j - a +2 pair of boots (worn)
 m - a +0 plate armour (worn)
Jewellery
 k - a +6 ring of strength (left hand)
Wands
 p - a wand of charming (8)
Scrolls
 f - a scroll of amnesia {unknown}
 g - 4 scrolls of immolation {unknown}
 h - a scroll of silence {unknown}
 i - 3 scrolls of identify {unknown}
 l - 3 scrolls of teleportation {unknown}
 o - a scroll of poison {unknown}
 q - a scroll of enchant armour {unknown}
 r - a scroll of magic mapping {unknown}
Potions
 b - 2 potions of heal wounds {unknown}
 d - a potion of might
 e - a potion of ambrosia {unknown}
 n - 3 potions of mutation {unknown}


   Skills:
 + Level 4.9 Fighting
 * Level 5.2 Axes
 * Level 5.8 Armour
 + Level 4.7 Shields


You had 5 spell levels left.
You didn't know any spells.
Your spell library contained the following spells:

 Spells                   Type           Power      Damage    Failure   Level
 Summon Guardian Golem    Hex/Summ       0%         N/A       100%        3
 Orb of Destruction       Conj           0%         9d5       100%        7
 Spellforged Servitor     Conj/Summ      0%         N/A       100%        7


Dungeon Overview and Level Annotations

Branches:
Dungeon (4/15)
 Temple: D:4-7

Altars:
Elyvilon
Gozag
Makhleb
The Shining One


Innate Abilities, Weirdness & Mutations

You have a pair of horns on your head.
You reflexively headbutt those who attack you in melee.


Message History

Found a gold piece.
You now have 124 gold pieces (gained 1).
You now have 125 gold pieces (gained 1).
You now have 126 gold pieces (gained 1).
You now have 127 gold pieces (gained 1).
You now have 128 gold pieces (gained 1).
You now have 129 gold pieces (gained 1).
A hobgoblin comes into view.
A hobgoblin is nearby!
The hobgoblin shouts!
Found a dagger.
Found a stone staircase leading down.
An adder comes into view.
The adder hisses angrily.
You hear a roar!
An acid dragon comes into view.
Found a stone staircase leading up.
The acid dragon roars!
The adder barely misses you. You furiously retaliate!
You headbutt the adder!
You kill the adder!
The hobgoblin barely misses you. You furiously retaliate!
You headbutt the hobgoblin!
You kill the hobgoblin!
The acid dragon spits acid at you. The splash of acid hits you!
You hear a shout!
The acid dragon spits acid at you. The splash of acid hits you!!
Ouch! That really hurt!
* * * LOW HITPOINT WARNING * * *
You hear a shout! x2
The acid dragon barely misses you. x2
Okay, then.
Okay, then.
The acid dragon bites you but does no damage.
The acid dragon completely misses you.
The acid dragon attacks as you move away!
The acid dragon bites you but does no damage.
The acid dragon barely misses you. The acid dragon spits acid at you.
The splash of acid hits you!
You die...

#.)......# ..####.
#..).....##...#..##
##...#..........#<#
.#)†)......##....####.
#...........###........
#..............##........
#.......##.##..#..#......
###.....#...##....#......
#.....#...#..[@........
#.....#8_8#............
....#######....D.......
.............#..
............## .
.....)....>.#
..............
..............#
#...##.........


You could see an acid dragon (catching breath).

Vanquished Creatures
  Sigmund (D:2)
  A hound (D:4)
  9 adders
  A worm (D:2)
  4 dart slugs
  10 orcs
  6 ball pythons
  6 bats
  6 endoplasms
  4 giant cockroaches
  6 goblins
  5 hobgoblins
  5 jackals (D:2)
  6 kobolds
  4 quokkas
  A frilled lizard (D:1)
  2 rats (D:2)
77 creatures vanquished.

Notes
Turn   | Place    | Note
-------+----------+-------------------------------------------
     0 | D:1      | Citaku the Minotaur Fighter began the quest for the Orb.
     0 | D:1      | Reached XP level 1. HP: 19/19 MP: 0/0
   104 | D:1      | Reached XP level 2. HP: 27/27 MP: 1/1
   797 | D:1      | Reached XP level 3. HP: 33/33 MP: 2/2
   992 | D:2      | Found a glowing golden altar of the Shining One.
  1177 | D:2      | Reached XP level 4. HP: 40/40 MP: 3/3
  1255 | D:2      | Noticed Sigmund
  1271 | D:2      | Killed Sigmund
  1272 | D:2      | Reached skill level 5 in Armour
  1272 | D:2      | Reached XP level 5. HP: 42/47 MP: 4/4
  1434 | D:2      | Reached XP level 6. HP: 53/53 MP: 5/5
  1632 | D:3      | Found a burning altar of Makhleb.
  1634 | D:3      | Found a white marble altar of Elyvilon.
  1788 | D:3      | Reached skill level 5 in Axes
  1881 | D:3      | Identified the +5 dagger of Famine {speed, rPois rC+
                  | Stlth-}
  2350 | D:4      | Found an opulent altar of Gozag.
  2375 | D:4      | Noticed an acid dragon
  2383 | D:4      | Killed from afar by an acid dragon

Illustrated notes

Levels and vault maps discovered:
D:1:      reono_arrival_forest_river, layout_basic, st_stairs_13
D:2:      layout_loops_ring, basic_altar, uniq_sigmund
D:3:      layout_loops_cross, chequers_temple_overflow_statue_of_worship,
          hangedman_decor_clover_reticule
D:4:      layout_layer_cave, amcnicky_altar_gilded, grunt_gozag_breadcrumbs,
          minmay_temple_entry_crystal_x, serial_undead, serial_undead_b,
          serial_undead_c, serial_undead_d, serial_undead_b

Skill      XL: |  1  2  3  4  5  6 |
---------------+-------------------+-----
Armour         | 4 5 |  5.8
Axes           | 3 4 5 |  5.2
Fighting       | 4 |  4.9
Shields        | 4 |  4.7

Action                   |  1- 3 |  4- 6 || total
-------------------------+-------+-------++-------
Melee: War axe           |    47 |    87 ||   134
       Headbutt          |     7 |    14 ||    21
Armor: Scale mail        |    23 |     6 ||    29
       Plate armour      |       |    75 ||    75
Dodge: Dodged            |    36 |    50 ||    86
Block: Buckler           |    19 |    23 ||    42

Table legend: (Time is in decaauts)
 A = Elapsed time spent in this place.
 B = Non-inter-level travel time spent in this place.
 C = Inter-level travel time spent in this place.
 D = Time resting spent in this place.
 E = Time spent auto-exploring this place.
 F = Levels seen in this place.
 G = Mean time per level.
                   A        B        C        D        E       F      G
               +--------+--------+--------+--------+--------+-----+--------+
         Total |   2430 |   2430 |      0 |      0 |   1689 |   4 |  607.5 |
       Dungeon |   2430 |   2430 |      0 |      0 |   1689 |   4 |  607.5 |
               +--------+--------+--------+--------+--------+-----+--------+

Top non-repeatable levels by time:
     D:1: 1007 daAuts
     D:3: 655 daAuts
     D:2: 606 daAuts
     D:4: 161 daAuts
